 Dungeon Crawl Stone Soup version 0.29-a0-1061-gbc57f8fbdb (webtiles) character file.

Game seed: 13929357541347685785

76 Ijustatesigmund the Grave Robber (level 4, -1/24 HPs)
             Began as a Deep Elf Necromancer on Aug 18, 2022.
             Slain by an ice beast (10 damage)
             ... on level 3 of the Dungeon.
             The game lasted 00:05:37 (3013 turns).

Ijustatesigmund the Grave Robber (DENe)             Turns: 3013, Time: 00:05:37

Health: -1/24      AC:  3    Str:  5    XL:     4   Next: 12%
Magic:  4/12       EV: 12    Int: 22    God:
Gold:   118        SH:  0    Dex: 15    Spells: 7/12 levels left

rFire   . . .      SeeInvis .   b - +2 dagger (venom)
rCold   . . .      Faith    .   (no shield)
rNeg    . . .      Spirit   .   a - +0 robe
rPois   .          Reflect  .   (no helmet)
rElec   .          Harm     .   (no cloak)
rCorr   .          Rampage  .   h - +0 pair of gloves
Will    .....                   (no boots)
Stlth   ++........              (no amulet)
HPRegen 0.08/turn               (no ring)
MPRegen 0.13/turn               (no ring)

@: no status effects
A: no striking features
a: no special abilities


You were on level 3 of the Dungeon.
You visited 1 branch of the dungeon, and saw 3 of its levels.

You collected 118 gold pieces.

Inventory:

Hand Weapons
 b - a +2 dagger of venom (weapon)
 g - a +3 dagger
Armour
 a - a +0 robe (worn)
 h - a +0 pair of gloves (worn)
Jewellery
 e - a ring of ice
Scrolls
 f - 2 scrolls of immolation
 j - a scroll of teleportation
 k - a scroll of blinking {unknown}
Potions
 c - 3 potions of attraction {unknown}
 d - a potion of flight {unknown}
 i - a potion of heal wounds {unknown}


   Skills:
 - Level 2.4 Dodging
 - Level 2.4 Stealth
 + Level 4.5 Spellcasting
 + Level 1.0 Conjurations
 + Level 5.7 Necromancy
 + Level 1.0 Fire Magic


You had 7 spell levels left.
You knew the following spells:

 Your Spells              Type           Power      Damage    Failure   Level
a - Necrotise             Necr           100%       1d9       1%          1
b - Vampiric Draining     Necr           30%        2d8       3%          3
c - Foxfire               Conj/Fire      36%        2x1d5     7%          1

Your spell library contained the following spells:

 Spells                   Type           Power      Damage    Failure   Level
 Animate Dead             Necr           30%        N/A       10%         4
 Conjure Flame            Conj/Fire      9%         6-21      21%         3
 Inner Flame              Hex/Fire       7%         N/A       26%         3
 Agony                    Necr           30%        N/A       28%         5
 Flame Wave               Conj/Fire      9%         2d6       56%         4
 Summon Forest            Summ/Tloc      2%         N/A       96%         5
 Eringya's Noxious Bog    Tmut/Pois      2%         N/A       100%        6
 Summon Hydra             Summ           2%         N/A       100%        7


Dungeon Overview and Level Annotations

Branches:
Dungeon (3/15)

Altars:

Shops:
D:2 (


Message History

Casting: Necrotise (safe; 1% risk of failure)
Confirm with . or Enter, or press ? or * to list all spells.
Aiming: Necrotise (safe; 1% risk of failure)
Press: ? - help, Shift-Dir - straight line, f - ice beast
Aim: an ice beast (asleep, chance to affect: 83%)
The ice beast writhes in agony.
Casting: Necrotise (safe; 1% risk of failure)
Confirm with . or Enter, or press ? or * to list all spells.
Aiming: Necrotise (safe; 1% risk of failure)
Press: ? - help, Shift-Dir - straight line, f/p - ice beast
Aim: an ice beast (lightly wounded, chance to affect: 83%)
The ice beast writhes in agony.
Casting: Necrotise (safe; 1% risk of failure)
Confirm with . or Enter, or press ? or * to list all spells.
The spell is quite dangerous to miscast (3% risk of failure)!
Continue anyway? [Y]es or [N]o only, please.
The spell is quite dangerous to miscast (3% risk of failure)!
Continue anyway?
Aiming: Vampiric Draining (quite dangerous; 3% risk of failure)
Press: ? - help, Shift-Dir - straight line, f/p - ice beast
Aim: an ice beast (moderately wounded)
You draw life force from the ice beast!
The ice beast barely misses you.
Casting: Vampiric Draining (quite dangerous; 3% risk of failure)
Confirm with . or Enter, or press ? or * to list all spells.
You conjure some foxfire!
The ice beast barely misses you.
Casting: Foxfire (safe; 7% risk of failure)
Confirm with . or Enter, or press ? or * to list all spells.
Aiming: Necrotise (safe; 1% risk of failure)
Press: ? - help, Shift-Dir - straight line, f/p - ice beast
Aim: an ice beast (heavily wounded, ally target, chance to affect: 83%)
The ice beast writhes in agony!
The foxfire hits the ice beast but does no damage.
The ice beast is severely wounded.
The foxfire hits the ice beast.
The ice beast melts!
The ice beast is almost dead.
The ice beast hits you. The ice beast freezes you!
Ouch! That really hurt!
Casting: Necrotise (safe; 1% risk of failure)
Confirm with . or Enter, or press ? or * to list all spells.
You conjure some foxfire!
The ice beast hits you. The ice beast freezes you!
You die...

#......# #######
####......#######.....###########
.................................
####......#######..<........##.##
#......# ####..##.##..<.#
#......# ###### #.###.##....#
#......# #....###.# #.##....#
######## #..v.#...# #.##....##
#..Y@#.### #......... #...!v.#
########## #.....## .?......^
.........## .........# ........##
....##..# ... ..#


You could see an ice beast (ally target).

Vanquished Creatures
  An adder (D:2)
  3 worms
  An orc (D:2)
  7 endoplasms
  7 hobgoblins
  3 quokkas
  3 ball pythons
  6 bats
  A frilled lizard (D:2)
  13 goblins
  3 kobolds
  5 rats
53 creatures vanquished.

Vanquished Creatures (collateral kills)
  A rat (D:2)
1 creature vanquished.

Vanquished Creatures (others)
  2 foxfires (D:3)
2 creatures vanquished.

Grand Total: 56 creatures vanquished

Notes
Turn   | Place    | Note
-------+----------+-------------------------------------------
     0 | D:1      | Ijustatesigmund the Deep Elf Necromancer began the quest
                  | for the Orb.
     0 | D:1      | Reached XP level 1. HP: 10/10 MP: 6/6
   240 | D:1      | Reached skill level 5 in Necromancy
   326 | D:1      | Reached XP level 2. HP: 15/15 MP: 2/8
  1423 | D:2      | Found a faded altar of an unknown god.
  1452 | D:2      | Reached XP level 3. HP: 19/19 MP: 3/10
  1465 | D:2      | Learned a level 3 spell: Vampiric Draining
  1467 | D:2      | Learned a level 1 spell: Foxfire
  1695 | D:2      | Found Qeweuz's Weapon Shop.
  2115 | D:2      | Reached skill level 1 in Conjurations
  2115 | D:2      | Reached XP level 4. HP: 24/24 MP: 10/12
  2868 | D:3      | Reached skill level 1 in Fire Magic
  3005 | D:3      | Noticed an ice beast
  3013 | D:3      | Slain by an ice beast

Illustrated notes

Levels and vault maps discovered:
D:1:      spicycebolla_arrival_clurvy, layout_basic
D:2:      layout_basic, serial_shops, nicolae_shop_bloodbath_and_beyond,
          shapermc_ecumenical_altar_notcrosses, chequers_serial_rivers_small_b
D:3:      minmay_razor_zed, layout_basic, ebering_ghost_sewer_d

Skill      XL: |  1  2  3  4 |
---------------+-------------+-----
Necromancy     | 5 |  5.7
Spellcasting   | 4 |  4.5
Conjurations   | 1 |  1.0
Fire Magic     | 1 |  1.0
Dodging        | |  2.4
Stealth        | |  2.4

Action                   |  1- 3 |  4- 6 || total
-------------------------+-------+-------++-------
Melee: Unarmed           |     2 |       ||     2
       Dagger            |     8 |       ||     8
 Cast: Necrotise         |    79 |    18 ||    97
       Vampiric Draining |     2 |     1 ||     3
       Foxfire           |       |     2 ||     2
  Use: Potion            |     1 |       ||     1
       Scroll            |     4 |       ||     4
Armor: Robe              |     4 |       ||     4
Dodge: Dodged            |    17 |     3 ||    20

Table legend: (Time is in decaauts)
 A = Elapsed time spent in this place.
 B = Non-inter-level travel time spent in this place.
 C = Inter-level travel time spent in this place.
 D = Time resting spent in this place.
 E = Time spent auto-exploring this place.
 F = Levels seen in this place.
 G = Mean time per level.
                   A        B        C        D        E       F      G
               +--------+--------+--------+--------+--------+-----+--------+
         Total |   3013 |   2907 |    106 |    529 |   2040 |   3 | 1004.3 |
       Dungeon |   3013 |   2907 |    106 |    529 |   2040 |   3 | 1004.3 |
               +--------+--------+--------+--------+--------+-----+--------+

Top non-repeatable levels by time:
     D:2: 1422 daAuts
     D:1: 1391 daAuts
     D:3: 200 daAuts
